 Dungeon Crawl Stone Soup version 0.14-a0-2001-g390038d (webtiles) character file.

194 Mitsuki the Covert (level 4, -3/22 HPs)
             Began as a Spriggan Assassin on Jan 18, 2014.
             Killed from afar by Ijyb (6 damage)
             ... with a wand of magic darts
             ... on Level 4 of the Dungeon.
             The game lasted 00:10:32 (2060 turns).

Mitsuki the Covert (Spriggan Assassin)              Turns: 2060, Time: 00:10:32

HP  -3/22        AC  3     Str  8      XL: 4   Next: 63%
MP   8/8         EV 17     Int 12      God:
Gold 82          SH  0     Dex 17      Spells:  0 memorised,  3 levels left

rFire  . . .     SeeInvis +     b - +0 blowgun
rCold  . . .     Clarity  .     c - +0 robe
rNeg   . . .     Conserve .     (shield restricted)
rPois  .         rCorr    .     (helmet restricted)
rElec  .         rRot     .     d - +0 cloak
SustAb . .       Spirit   .     (gloves unavailable)
rMut   .         Warding  .     (boots unavailable)
Saprov . . .     Stasis   .     (no amulet)
MR     .....                    (no ring)
                                (no ring)

@: very quick, not resistant to hostile enchantments, very stealthy
A: unfitting armour, see invisible, herbivore 3, speed 3, slow metabolism 2
a: no special abilities


You were on level 4 of the Dungeon.
You were not hungry.

You visited 2 branches of the dungeon, and saw 5 of its levels.

You collected 82 gold pieces.

Inventory:

Hand weapons
 a - a +2,+2 dagger
 b - a +0 blowgun (weapon)
Missiles
 e - 2 poisoned needles (quivered)
 f - 2 curare-tipped needles
Armour
 c - a +0 robe (worn)
 d - a +0 cloak (worn)
Comestibles
 k - a bread ration
 l - a banana
 p - a pear
 q - an apple
Scrolls
 i - 2 scrolls of blinking
 j - 2 scrolls of remove curse
 m - a scroll of fog
 o - 3 scrolls of identify {unknown}
Jewellery
 s - a +4 ring of intelligence {unknown}
Potions
 g - a potion of porridge
 n - a potion of heal wounds
 r - a potion of flight {unknown}
 t - a potion of poison {unknown}


   Skills:
 - Level 1.5 Fighting
 - Level 2.1 Short Blades
 - Level 2.1 Throwing
 - Level 1.5 Dodging
 + Level 9.2 Stealth


You had 3 spell levels left.
You didn't know any spells.

Dungeon Overview and Level Annotations

Branches:
Dungeon (4/16)             Temple (1/1) D:4

Altars:
Ashenzari
Cheibriados
Elyvilon
Kikubaaqudgha
Nemelex Xobeh
Okawaru
Trog
Vehumet
Xom
Yredelemnul

Annotations:
D:4 Ijyb; Mitsuki's ghost, average DjFE; Sigmund


Innate Abilities, Weirdness & Mutations

You are tiny and cannot use many weapons and most armour.
You have supernaturally acute eyesight.
You are a herbivore.
You cover ground extremely quickly.
You need consume almost no food.


Message History

Found 18 arrows.
Found 2 scrolls of random uselessness.
Found a stone staircase leading up.
e - 4 poisoned needles (gained 1)
You see here a poisoned needle.
b - a +0 blowgun (weapon)
Firing (i - inventory. (,) - cycle):
e - 4 poisoned needles (quivered)
Press: ? - help, Shift-Dir - straight line, f/p - Ijyb
Aim: Ijyb, wielding a dagger, wearing a runed orcish leather armour and carrying a wand of magic darts {zapped: 2} (moderately wounded, poisoned)
You shoot a poisoned needle. The poisoned needle misses Ijyb.
Ijyb zaps a wand.
The magic dart hits you!
Firing (i - inventory. (,) - cycle):
e - 3 poisoned needles (quivered)
Press: ? - help, Shift-Dir - straight line, f/p - Ijyb
Aim: Ijyb, wielding a dagger, wearing a runed orcish leather armour and carrying a wand of magic darts {zapped: 3} (moderately wounded, poisoned)
You shoot a poisoned needle. The poisoned needle hits Ijyb.
Ijyb is moderately wounded.
Ijyb looks more healthy.
Ijyb zaps a wand.
The magic dart hits you!
* * * LOW HITPOINT WARNING * * *
Ijyb zaps a wand.
The magic dart hits you!
You die...

.........................
.........................
..........................
#..%.....(..#####.........
#...........# #.........
#...%.......# #.......(.
#...........# #.........
#...#####...#####.........
....# #...g...@.........
....# #......?.........
....# #....(...........
....#####.....(..........
........................
.......................
...............<......
.....................
...................


You could see Ijyb.

Vanquished Creatures
  An iguana (D:4)
  A worker ant (D:4)
  3 adders
  A worm (D:4)
  2 giant geckos
  An ooze (D:1)
  An orc (D:4)
  A ball python (D:1)
  A giant cockroach (D:2)
  6 hobgoblins
  7 bats
  A giant newt (D:1)
  4 goblins
  2 kobolds
  4 rats
36 creatures vanquished.

Notes
Turn   | Place    | Note
--------------------------------------------------------------
     0 | D:1      | Mitsuki, the Spriggan Assassin, began the quest for the Orb.
     0 | D:1      | Reached XP level 1. HP: 10/10 MP: 2/2
    44 | D:1      | Reached skill level 6 in Stealth
   379 | D:1      | Reached XP level 2. HP: 14/14 MP: 4/4
   553 | D:1      | Reached skill level 7 in Stealth
  1072 | D:2      | Found a white marble altar of Elyvilon.
  1223 | D:2      | Reached XP level 3. HP: 18/18 MP: 6/6
  1430 | D:4      | Noticed Mitsuki's ghost (average DjFE)
  1450 | D:4      | Found an ancient bone altar of Kikubaaqudgha.
  1510 | D:4      | Reached skill level 8 in Stealth
  1539 | D:4      | Reached XP level 4. HP: 22/22 MP: 8/8
  1591 | D:4      | Reached skill level 9 in Stealth
  1639 | D:4      | Found a staircase to the Ecumenical Temple.
  1654 | Temple   | Entered the Ecumenical Temple
  1969 | D:4      | Noticed Sigmund
  1985 | D:4      | Noticed Ijyb
  2060 | D:4      | Killed from afar by Ijyb

Action                   |  1- 3 |  4- 6 || total
-------------------------+-------+-------++-------
Melee: Dagger            |    63 |    20 ||    83
 Fire: Blowgun           |    17 |    12 ||    29
  Use: Potion            |     3 |       ||     3
       Scroll            |     8 |     1 ||     9
 Stab: Sleeping          |     7 |     2 ||     9
